 Dungeon Crawl Stone Soup version 0.30-a0-459-g9104f0fc43 (webtiles) character file.

Game seed: 6399304975672629643

220 Raultor the Insei (level 5, -3/35 HPs)
             Began as an Octopode Transmuter on Dec 15, 2022.
             Was an Initiate of the Shining One.
             Slain by Pikel
             ... wielding a +1 whip of electrocution
              (19 damage)
             ... on level 4 of the Dungeon.
             The game lasted 00:10:13 (2867 turns).

Raultor the Insei (Octopode Transmuter)             Turns: 2867, Time: 00:10:14

Health: -3/35      AC:  1    Str:  9    XL:     5   Next: 97%
Magic:  8/8        EV:  8    Int: 14    God:    the Shining One [......]
Gold:   184        SH: 10    Dex: 12    Spells: 1/8 levels left

rFire   . . .      SeeInvis .    j - +7 whip "Fowebut" {vorpal, rC+++ Will+++ Int-4}
rCold   + + +      Faith    .    m - +0 tower shield "Zaume" {rPois}
rNeg    . . .      Spirit   .    (helmet restricted)
rPois   +          Reflect  .    (no amulet)
rElec   .          Harm     .    (no ring)
rCorr   .          Rampage  .    (no ring)
Will    +++..                    (no ring)
Stlth   +.........               (no ring)
HPRegen 0.25/turn                (no ring)
MPRegen 0.11/turn                (no ring)
                                 (no ring)
                                 (no ring)

@: glowing
A: almost no armour, amphibious, 8 rings, camouflage 1, gelatinous body 1,
(nimble swimmer 1), tentacles
a: Renounce Religion


You were on level 4 of the Dungeon.
You worshipped the Shining One.
The Shining One was noncommittal.
You visited 1 branch of the dungeon, and saw 4 of its levels.

You collected 184 gold pieces.


Innate Abilities, Weirdness & Mutations

You cannot wear most types of armour.
You are amphibious.
You can wear up to eight rings at the same time.
Your skin changes colour to match your surroundings (Stealth+).
Your rubbery body absorbs attacks. (AC +1, EV +1)
((You are camouflaged when in or above water. (Stealth+)))
You have tentacles for arms and can constrict up to eight enemies at once.


   Skills:
 + Level 2.3 Fighting
 - Level 2.0 Dodging
 + Level 3.7 Unarmed Combat
 - Level 2.0 Spellcasting
 * Level 3.6 Transmutations
 * Level 3.2 Ice Magic


You had one spell level left.
You knew the following spells:

 Your Spells              Type           Power      Damage    Failure   Level
b - Beastly Appendage     Tmut           22%        N/A       69%         1
c - Ice Form              Ice/Tmut       10%        N/A       100%        4
w - Wereblood             Tmut           11%        N/A       83%         2

Your spell library contained the following spells:

 Spells                   Type           Power      Damage    Failure   Level
 Spider Form              Tmut/Pois      6%         N/A       99%         3

Inventory:

Hand Weapons
 j - the +7 whip "Fowebut" (weapon) {vorpal, rC+++ Will+++ Int-4}
   (You found it on level 3 of the Dungeon)

   It inflicts extra damage upon your enemies.
   Int:       It affects your intelligence (-4).
   rC:        It renders you almost immune to cold.
   Will:      It greatly increases your willpower.
Armour
 m - the +0 tower shield "Zaume" (worn) {rPois}
   (You found it on level 3 of the Dungeon)

   rPois:     It protects you from poison.
Jewellery
 C - a ring of ice
Scrolls
 d - 3 scrolls of identify {unknown}
 g - a scroll of enchant armour {unknown}
 h - a scroll of magic mapping {unknown}
 i - a scroll of teleportation {unknown}
 k - a scroll of fear {unknown}
 l - a scroll of enchant weapon {unknown}
 p - a scroll of fog {unknown}
Potions
 a - a potion of lignification
 b - 3 potions of berserk rage {unknown}
 c - a potion of magic {unknown}
 e - 4 potions of curing {unknown}
 f - a potion of attraction {unknown}
 n - a potion of might {unknown}
 o - a potion of degeneration {unknown}

Dungeon Overview and Level Annotations

Branches:
Dungeon (4/15)
 Temple: D:4-7

Altars:
Makhleb
Zin
The Shining One

Annotations:
D:4 Pikel

.########
.......K########
.......5@.......
.######5########
#.# #.# #.#
#.#######
#.......# ##
#.####### .. #.#


You could see Pikel and 2 lemures.


Message History

The orc attacks as you move away! The orc hits you with a +0 hand axe.
The orc attacks as you move away! The orc barely misses you.
You barely miss the lemure. You grab the lemure. You squeeze the lemure.
The lemure is severely wounded.
You constrict the lemure, but do no damage.
The orc barely misses you. You block the lemure's attack.
You whack the lemure!
You kill the lemure!
That felt strangely unrewarding.
You block the orc's attack. x2
You hit the orc. You grab the orc.
The orc is severely wounded.
You constrict the orc, but do no damage.
You block the orc's attack.
You hit the orc.
You kill the orc!
Things that are here:
a +0 hand axe; a +0 ring mail
There is a stone staircase leading down here.
You start resting.
HP restored.
You climb downwards.
Level annotation: Pikel Pikel hits you with a +1 whip of electrocution!
The lemure completely misses you.
There is a stone staircase leading up, spattered with blood here.
Pikel hits you with a +1 whip of electrocution!
* * * LOW HITPOINT WARNING * * *
You are electrocuted!!
Ouch! That really hurt!
You die...

Skill      XL: |  1  2  3  4  5 |
---------------+----------------+-----
Ice Magic      | 1 2 3 |  3.2
Transmutations | 3 |  3.6
Fighting       | 2 |  2.3
Dodging        | |  2.0
Unarmed Combat | |  3.7
Spellcasting   | |  2.0

Action                   |  1- 3 |  4- 6 || total
-------------------------+-------+-------++-------
Melee: Unarmed           |    94 |    48 ||   142
       Constrict         |    28 |    25 ||    53
       Tentacles         |    14 |    11 ||    25
       Kick              |    16 |     7 ||    23
       Punch             |     2 |     3 ||     5
       Whip              |       |    37 ||    37
 Cast: Beastly Appendage |    13 |     7 ||    20
       Ice Form          |       |     1 ||     1
       Wereblood         |       |     1 ||     1
 Stab: Sleeping          |     4 |     2 ||     6
Armor: Skin              |    12 |     4 ||    16
Dodge: Dodged            |    65 |    44 ||   109
Block: Tower shield      |       |    14 ||    14

Levels and vault maps discovered:
D:1:      roderic_octagonal_star, layout_basic, minmay_bisected
D:2:      layout_basic, uniq_terence, uniq_robin
D:3:      layout_basic, grunt_temple_overflow_order_and_chaos_2,
          lemuel_tele_altar, nicolae_kite_square_tiling_tiny,
          grunt_ministairs_15
D:4:      layout_basic, minmay_temple_entry_offerings, uniq_pikel,
          uniq_eustachio, uniq_menkaure

Notes
Turn   | Place    | Note
-------+----------+-------------------------------------------
     0 | D:1      | Raultor the Octopode Transmuter began the quest for the
                  | Orb.
     0 | D:1      | Reached XP level 1. HP: 13/13 MP: 3/3
   113 | D:1      | Reached XP level 2. HP: 10/18 MP: 3/5
   192 | D:1      | HP: 1/18 [giant cockroach (1)]
   195 | D:1      | Reached skill level 1 in Ice Magic
   506 | D:1      | Reached XP level 3. HP: 23/23 MP: 6/6
   509 | D:1      | Learned a level 2 spell: Wereblood
   985 | D:2      | Noticed Robin
  1286 | D:2      | Reached skill level 2 in Ice Magic
  1286 | D:2      | Reached XP level 4. HP: 22/28 MP: 7/7
  1430 | D:2      | Killed Robin
  1431 | D:2      | Reached skill level 3 in Transmutations
  1682 | D:2      | Noticed Terence
  1689 | D:2      | Learned a level 4 spell: Ice Form
  1695 | D:2      | Killed Terence
  1696 | D:2      | Reached XP level 5. HP: 34/34 MP: 3/8
  1701 | D:2      | Reached skill level 2 in Fighting
  1762 | D:3      | Found a glowing golden altar of the Shining One.
  1778 | D:3      | Identified the +0 tower shield "Zaume" {rPois}
  1804 | D:3      | Became a worshipper of the Shining One
  1875 | D:3      | Identified the +7 whip "Fowebut" {vorpal, rC+++ Will+++
                  | Int-4}
  2232 | D:3      | Reached skill level 3 in Ice Magic
  2438 | D:3      | Found a burning altar of Makhleb.
  2441 | D:3      | Found a glowing silver altar of Zin.
  2444 | D:3      | Noticed a balrug
  2444 | D:3      | Noticed an angel
  2785 | D:4      | Noticed a lemure
  2799 | D:4      | Noticed a lemure
  2799 | D:4      | Noticed Pikel
  2800 | D:4      | Noticed a lemure
  2811 | D:3      | Killed a lemure
  2867 | D:4      | Slain by Pikel

Vanquished Creatures
  A lemure (D:3)
  An orc priest (D:3)
  An orc wizard (D:3)
  Terence (D:2)
  Robin (D:2)
  4 adders
  2 worms (D:2)
  4 orcs
  7 ball pythons
  3 endoplasms
  3 giant cockroaches
  12 goblins
  11 hobgoblins
  8 kobolds
  7 quokkas
  7 bats
  6 frilled lizards (D:1)
  5 rats
84 creatures vanquished.

Table legend: (Time is in decaauts)
 A = Elapsed time spent in this place.
 B = Non-inter-level travel time spent in this place.
 C = Inter-level travel time spent in this place.
 D = Time resting spent in this place.
 E = Time spent auto-exploring this place.
 F = Levels seen in this place.
 G = Mean time per level.
                   A        B        C        D        E       F      G
               +--------+--------+--------+--------+--------+-----+--------+
         Total |   2869 |   2756 |    113 |    156 |   1889 |   4 |  717.2 |
       Dungeon |   2869 |   2756 |    113 |    156 |   1889 |   4 |  717.2 |
               +--------+--------+--------+--------+--------+-----+--------+

Top non-repeatable levels by time:
     D:1: 1048 daAuts
     D:3: 1008 daAuts
     D:2: 773 daAuts
     D:4: 39 daAuts

Table legend:
 A = Non-vault XP
 B = Vault XP
 C = Vault XP percentage of total XP
 D = Non-vault monster count
 E = Vault monster count
 F = Vault count percentage of total count
                 A         B        C        D         E       F
            +---------+---------+-------+---------+---------+-------
      Total |     236 |      79 |  25.1 |      63 |      20 |  24.1
            +---------+---------+-------+---------+---------+-------
        D:1 |      43 |      11 |  20.4 |      28 |       7 |  20.0
        D:2 |      60 |      64 |  51.6 |      18 |      11 |  37.9
        D:3 |     133 |       4 |   2.9 |      17 |       2 |  10.5
            +---------+---------+-------+---------+---------+-------
